 Dungeon Crawl Stone Soup version 0.17.1-2-g5865329 (webtiles) character file.

1746 NobbyNobbs the Shield-Bearer (level 9, 0/56 HPs)
             Began as a Gargoyle Fighter on Feb 1, 2016.
             Was a Follower of Okawaru.
             Slain by a phantom (4 damage)
             ... on level 8 of the Dungeon.
             The game lasted 00:10:47 (6180 turns).

NobbyNobbs the Shield-Bearer (Gargoyle Fighter)     Turns: 6180, Time: 00:10:47

Health: 0/56       AC: 17    Str: 22    XL:     9   Next: 6%
Magic:  9/9        EV: 10    Int: 10    God:    Okawaru [*.....]
Gold:   449        SH: 10    Dex:  9    Spells: 0 memorised, 8 levels left

rFire  . . .     SeeInvis +     a - +0 trident
rCold  . . .     Clarity  .     C - +0 ring mail (curse)
rNeg   + . .     SustAt   .     c - +0 shield
rPois  ∞         Gourm    .     s - +0 helmet
rElec  +         Spirit   .     (no cloak)
rCorr  .         Warding  .     (no gloves)
rMut   .         Stasis   .     d - +0 pair of boots
MR     .....                    (no amulet)
Stlth  +.........               k - +3 ring of protection
                                j - ring of see invisible

@: not resistant to hostile enchantments, very unstealthy
A: negative energy resistance 1, electricity resistance, unbreathing,
petrification resistance, rot immunity, AC +5
a: Heroism, Renounce Religion


You were on level 8 of the Dungeon.
You worshipped Okawaru.
Okawaru was aware of your devotion.
You were very hungry.

You visited 1 branch of the dungeon, and saw 8 of its levels.

You collected 449 gold pieces.

Inventory:

Hand Weapons
 a - a +0 trident (weapon)
 g - a +0 scythe
Armour
 b - a +0 scale mail
 c - a +0 shield (worn)
 d - a +0 pair of boots (worn)
 s - a +0 helmet (worn)
 C - a cursed +0 ring mail (worn)
Jewellery
 j - a ring of see invisible (left hand)
 k - a +3 ring of protection (right hand)
 y - an uncursed ring of fire
Wands
 t - a wand of digging (17)
Scrolls
 f - a scroll of fear {unknown}
 h - a scroll of fog
 i - a scroll of blinking {unknown}
 l - 2 scrolls of remove curse {unknown}
 m - 10 scrolls of identify {unknown}
 n - 3 scrolls of noise {unknown}
 v - 4 scrolls of teleportation {unknown}
 B - a scroll of immolation {unknown}
 D - a scroll of magic mapping {unknown}
Potions
 o - a potion of invisibility
 p - 2 potions of might
 q - 3 potions of lignification {unknown}
 u - 2 potions of poison {unknown}
 w - 3 potions of degeneration {unknown}
 x - 2 potions of haste {unknown}
 z - 5 potions of heal wounds {unknown}
 F - a potion of berserk rage {unknown}
Books
 E - a Fen Folio

   Spells                             Type                      Level
   a - Corpse Rot                     Necromancy                   2
   b - Stone Arrow                    Conjuration/Earth            3
   c - Leda's Liquefaction            Hexes/Earth                  4
   d - Summon Forest                  Summoning/Translocation      5
   e - Hydra Form                     Transmutation                6
   f - Summon Hydra                   Summoning                    7
Comestibles
 e - 5 bread rations
 r - 2 meat rations
 A - 4 fruits


   Skills:
 * Level 6.4 Fighting
 + Level 4.3 Polearms
 + Level 5.6 Armour
 + Level 4.4 Dodging
 + Level 0.5 Stealth
 + Level 7.1 Shields


You had 8 spell levels left.
You didn't know any spells.

Dungeon Overview and Level Annotations

Branches:
Dungeon (8/15)
 Temple: D:4-7         Lair: D:8-11

Altars:
Kikubaaqudgha
Okawaru
Vehumet

Shops:
D:7 (


Innate Abilities, Weirdness & Mutations

You are resistant to torment.
Your stone body is resilient (AC +5).
You are immune to poison.
You resist negative energy.
You are resistant to electric shocks.
You can survive without breathing.
You are immune to petrification.
You are immune to rotting.


Message History

* * * LOW HITPOINT WARNING * * *
There is a shaft here.
You can't go up here!
You fall through a shaft!
The shaft crumbles and collapses.
A hungry ghost comes into view.
A phantom comes into view.
You are feeling very hungry.
The phantom blinks!
A hippogriff comes into view.
The hippogriff screeches!
The phantom hits you but does no damage.
You closely miss the phantom.
The phantom blinks!
The hungry ghost hits you.
* * * LOW HITPOINT WARNING * * *
You feel quite a bit more hungry.
Read which item? (? for menu, Esc to quit)
As you read the scroll labeled LISCHAG POMEBB, it crumbles to dust.
The scroll dissolves into smoke.
It was a scroll of fog.
The phantom hits you.
You die...

#.####.##.#.#.#.#
#........###W.#.##
#
#..###.##.#.......
#.##..###.#
#.#...W##
#.........#
##.......
####......#
##...### ##§#####
##.## ###W### #.#
#§@§§.# #.#
#W###.# #+# #H# .#
#.# # #.. ###. ..
.. .##


You could see a hippogriff, a phantom and a hungry ghost.

Vanquished Creatures
  Sigmund (D:3)
  A water moccasin (D:6)
  Duvessa (D:6)
  An ogre (D:4)
  2 sky beasts
  3 giant frogs
  Dowan (D:6)
  4 killer bees (D:4)
  2 scorpions
  The ghost of nataq the Skirmisher, a weakling DsFi (D:3)
  A centaur zombie (D:7)
  A giant frog skeleton (D:4)
  A jelly (D:7)
  2 hounds
  An orc priest (D:6)
  3 worker ants
  Robin (D:3)
  13 adders
  A shadow imp (D:6)
  2 adder zombies
  An ooze (D:3)
  2 adder skeletons
  2 worms
  13 orcs
  2 ball pythons
  13 bats
  5 giant cockroaches
  14 goblins
  8 hobgoblins
  6 kobolds
  3 quokkas
  A ball python skeleton (D:4)
  7 giant geckos
  11 giant newts
  A quokka zombie (D:6)
  7 rats
139 creatures vanquished.

Notes
Turn   | Place    | Note
--------------------------------------------------------------
     0 | D:1      | NobbyNobbs the Gargoyle Fighter began the quest for the Orb.
     0 | D:1      | Reached XP level 1. HP: 14/14 MP: 1/1
   187 | D:1      | Reached XP level 2. HP: 17/19 MP: 2/2
   659 | D:2      | Reached XP level 3. HP: 16/23 MP: 3/3
  1306 | D:3      | Reached XP level 4. HP: 25/29 MP: 4/4
  1419 | D:3      | Noticed Robin
  1433 | D:3      | Reached skill level 4 in Shields
  1444 | D:3      | Killed Robin
  1444 | D:3      | Reached skill level 1 in Dodging
  1589 | D:3      | Reached XP level 5. HP: 29/33 MP: 5/5
  1595 | D:3      | Noticed nataq's ghost (weakling DsFi)
  1901 | D:3      | Killed nataq's ghost
  2200 | D:3      | Noticed Sigmund
  2254 | D:3      | Killed Sigmund
  2254 | D:3      | Reached XP level 6. HP: 38/38 MP: 6/6
  2533 | D:4      | Reached skill level 5 in Shields
  2807 | D:4      | Reached XP level 7. HP: 7/44 MP: 7/7
  3422 | D:4      | Reached skill level 5 in Fighting
  3778 | D:5      | Entered Level 5 of the Dungeon
  3922 | D:5      | Reached skill level 5 in Armour
  3922 | D:5      | Reached XP level 8. HP: 50/50 MP: 8/8
  4116 | D:5      | Reached skill level 6 in Shields
  4290 | D:5      | Found a radiant altar of Vehumet.
  4290 | D:5      | Found an ancient bone altar of Kikubaaqudgha.
  4292 | D:5      | Found an iron altar of Okawaru.
  4430 | D:5      | Became a worshipper of Warmaster Okawaru
  5229 | D:6      | Noticed Duvessa
  5234 | D:6      | Noticed Dowan
  5248 | D:6      | Killed Duvessa
  5288 | D:6      | Killed Dowan
  5538 | D:6      | Reached * piety under Okawaru
  6011 | D:7      | Found Nutipokk's Antique Weapon Shoppe.
  6067 | D:7      | Reached skill level 7 in Shields
  6067 | D:7      | Reached XP level 9. HP: 49/56 MP: 9/9
  6124 | D:7      | Noticed a troll
  6157 | D:7      | HP: 2/56 [troll (2)]
  6158 | D:7      | You fall through a shaft!
  6180 | D:8      | Slain by a phantom

Action                   |  1- 3 |  4- 6 |  7- 9 || total
-------------------------+-------+-------+-------++-------
Melee: Trident           |   120 |   320 |   438 ||   878
  Use: Potion            |       |     5 |     1 ||     6
       Scroll            |       |       |     1 ||     1
 Stab: Invisible         |       |     2 |       ||     2
  Eat: Chunk             |     1 |     3 |     9 ||    13
       Meat ration       |       |     1 |       ||     1
